 Dungeon Crawl Stone Soup version 0.16.0-6-gad6103a (console) character file.

18 gw the Gusty (level 2, 0/19 HPs)
             Began as a Human Air Elementalist on Mar 15, 2015.
             Slain by a hobgoblin
             ... wielding a +0 club
              (4 damage)
             ... on level 1 of the Dungeon.
             The game lasted 00:00:55 (1177 turns).

gw the Gusty (Human Air Elementalist)               Turns: 1177, Time: 00:00:55

Health: 0/19       AC:  2    Str:  8    XL:     2   Next: 90%
Magic:  4/5        EV: 12    Int: 15    God:
Gold:   30         SH:  0    Dex: 13    Spells: 3 memorised, 0 levels left

rFire  . . .     SeeInvis .     a - +0 dagger
rCold  . . .     Clarity  .     d - +0 robe
rNeg   . . .     SustAb   .     (no shield)
rPois  .         Gourm    .     (no helmet)
rElec  .         Spirit   .     (no cloak)
rCorr  .         Warding  .     (no gloves)
rMut   .         Stasis   .     (no boots)
MR     .....                    (no amulet)
Stlth  ++........               (no ring)
                                (no ring)

@: repel missiles, not resistant to hostile enchantments, unstealthy
A: no striking features
a: no special abilities


You were on level 1 of the Dungeon.
You were not hungry.

You visited 1 branch of the dungeon, and saw 1 of its levels.

You collected 30 gold pieces.

Inventory:

Hand weapons
 a - a +0 dagger (weapon)
Missiles
 f - 25 stones (quivered)
Armour
 d - a +0 robe (worn)
Scrolls
 c - a scroll of remove curse {unknown}
 g - a scroll of amnesia {unknown}
 h - a scroll of identify {unknown}
Potions
 e - a potion of agility {unknown}
 i - a potion of heal wounds {unknown}
 j - a potion of cure mutation {unknown}
Books
 b - a book of Air

   Spells                             Type                      Level
   a - Shock                          Conjuration/Air              1
   b - Swiftness                      Charms/Air                   2
   c - Repel Missiles                 Charms/Air                   2
   d - Flight                         Charms/Air                   3
   e - Static Discharge               Conjuration/Air              3
   f - Lightning Bolt                 Conjuration/Air              5
Comestibles
 k - a slice of pizza
 l - a meat ration


   Skills:
 + Level 0.2 Short Blades
 + Level 1.3 Armour
 - Level 2.0 Dodging
 - Level 2.0 Stealth
 * Level 2.3 Spellcasting
 - Level 1.0 Conjurations
 + Level 3.1 Air Magic


You couldn't memorise any spells.
You knew the following spells:

 Your Spells              Type           Power        Failure   Level  Hunger
a - Shock                 Conj/Air       #...         12%         1    #......
b - Swiftness             Chrm/Air       #.......     17%         2    ###....
c - Repel Missiles        Chrm/Air       #.....       17%         2    ###....


Dungeon Overview and Level Annotations

Branches:
Dungeon (1/15)

Altars:


Message History

The hobgoblin hits you but does no damage.
Unknown command.
Unknown command.
Unknown command.
You start resting.
The hobgoblin hits you with a club.
Unknown command.
Unknown command.
Unknown command.
You start resting.
The hobgoblin hits you with a club.
Unknown command.
Unknown command.
Unknown command.
You start resting.
The hobgoblin closely misses you. The hobgoblin hits you with a club.
Unknown command.
Unknown command.
Unknown command.
You start resting.
The hobgoblin hits you with a club.
You die...

##...#.#.# ..
#........#.#
#.............
#.######...###
#....#.#.#.#..#
#....###...###
..............
#.##.#........
##.#.#.#.#.#...##
#.##.#........
#..#.............
#.##.#........
##.......#
#...###.##..........
...###...#
#.g.....##..........
..## #...#
##.p########........
.## ##..# #..#
#........ ##
#..######..#
##....###
##..........#
#.##....
######...######.##
#.###### .....#.#.#
#)# #..#####
####.#.#.# #.#
#.......
...###.#.######.#
#.######
...'.+.#.'.)..#.#
#.# #.


You could see a hobgoblin.

Table legend:
 A = Turns spent in this place as a percentage of turns spent in the entire game.
 B = Non-inter-level travel turns spent in this place as a percentage of non-inter-level travel turns spent in the entire game.
 C = Inter-level travel turns spent in this place as a percentage of turns spent in this place.
 D = Turns resting spent in this place as a percentage of non-inter-level travel turns spent in this place.
 E = Turns spent auto-exploring this place as a percentage of non-inter-level travel turns spent in this place.
 F = Non-inter-level travel turns spent in this place divided by the number of levels of this place that you've seen.
                   A       B       C       D       E      F
               +-------+-------+-------+-------+-------+----------------------
         Total | 100.0 | 100.0 |   0.0 |   4.9 |   3.0 | 1082.0
       Dungeon | 100.0 | 100.0 |   0.0 |   4.9 |   3.0 | 1082.0
               +-------+-------+-------+-------+-------+----------------------

Table legend:
 A = Kills in this place as a percentage of kills in entire the game.
 B = Kills by you in this place as a percentage of kills by you in the entire game.
 C = Kills by friends in this place as a percentage of kills by friends in the entire game.
 D = Other kills in this place as a percentage of other kills in the entire game.
 E = Experience gained in this place as a percentage of experience gained in the entire game.
 F = Experience gained in this place divided by the number of levels of this place that you have seen.
                   A       B       C       D       E      F
               +-------+-------+-------+-------+-------+----------------------
         Total | 100.0 | 100.0 |  -nan |  -nan | 100.0 |  27.0
       Dungeon | 100.0 | 100.0 |  -nan |  -nan | 100.0 |  27.0
               +-------+-------+-------+-------+-------+----------------------

Vanquished Creatures
  2 giant geckos (D:1)
  A ball python (D:1)
  3 bats (D:1)
  3 goblins (D:1)
  5 hobgoblins (D:1)
  A rat (D:1)
15 creatures vanquished.

Vanquished Creatures (others)
  A hobgoblin (D:1)
1 creature vanquished.

Grand Total: 16 creatures vanquished

Notes
Turn   | Place    | Note
--------------------------------------------------------------
     0 | D:1      | gw, the Human Air Elementalist, began the quest for the Orb.
     0 | D:1      | Reached XP level 1. HP: 13/13 MP: 3/3
   174 | D:1      | Reached XP level 2. HP: 19/19 MP: 0/4
   215 | D:1      | Learned a level 2 spell: Swiftness
   218 | D:1      | Learned a level 2 spell: Repel Missiles
   291 | D:1      | Reached skill level 1 in Armour
  1177 | D:1      | Slain by a hobgoblin

Action                   || total
-------------------------++-------
Melee: Dagger            ||    23
 Cast: Shock             ||    26
       Repel Missiles    ||     1
  Eat: Bread ration      ||     1

Vault maps used:
D:1:      shiori_arrival_oz, serial_co_window_serial, co_window_paths_a,
          co_window_of_opportunity_a, co_window_paths_a, co_window_paths_a,
          co_window_paths_a, co_window_corner_b, co_window_of_opportunity_b,
          co_window_of_opportunity_b, co_window_unsneaky_path_d,
          glass_columns_b, glass_columns_a, glass_columns_a, glass_columns_c,
          glass_columns_b, kennysheep_pointless_box, minmay_door_square,
          baited_tele_trap
